AoeStats
← V

Arena

507024205Analyzed
1v1 RM · 17d ago on Sep 16, 2026· 37m 20s· 2 players
Game mode
Random Map
Map size
Tiny (2 player)
Population
200
Speed
Normal
Resources
Standard
Victory
Conquest
Starting age
Dark Age
Ending age
Imperial Age
RankedLock teamsTeams togetherTeam positionsShared explorationLock speedFull tech treeHidden civsTurbo modeCheats
Victory
Defeat
🇨🇳 Chinese · China
1022
+15
🇸🇪 Vikings · Sweden
1004
-15
V
10:05 Feudal Age
10:53 Horse Collar
12:00 Double-Bit Axe
18:04 Castle Age
16:47 Scale Mail Armor
17:50 Man-at-Arms
19:30 Squires
18:58 Long Swordsman
20:34 Heavy Plow
20:27 Gold Mining
20:58 Chain Mail Armor
23:45 Gold Shaft Mining
26:21 Forging
27:22 Loom
27:43 Pikeman
31:08 Chieftains
31:28 Crossbowman
32:53 Stone Mining
33:43 Iron Casting
QQ糖大王
10:33 Feudal Age
11:26 Double-Bit Axe
15:09 Castle Age
12:52 Horse Collar
14:20 Gold Mining
16:06 Bow Saw
18:19 Wheelbarrow
21:43 Hand Cart
21:57 Stone Mining
25:27 Gold Shaft Mining
27:56 Fletching
28:06 Padded Archer Armor
31:18 Imperial Age
29:00 Bodkin Arrow
29:27 Husbandry
29:39 Bloodlines
29:40 Thumb Ring
30:51 Leather Archer Armor
31:14 Ballistics
32:34 Ring Archer Armor
32:04 Bracer
33:09 Chemistry
31:46 Heavy Cavalry Archer
33:07 Stone Shaft Mining
33:39 Two-Man Saw
33:47 Elite Skirmisher
34:43 Cavalier
Connection lost

Rejoining the realm…

Still unreachable

The connection could not be restored.

Session expired

The server has moved on; the page needs a fresh start.